 Dungeon Crawl Stone Soup version 0.22-a0-362-g535178c (webtiles) character file.

273 sankara the Firebug (level 6, 0/45 HPs)
             Began as a Draconian Fire Elementalist on Apr 20, 2018.
             Succumbed to inmateoo's ghost's poison
             ... on level 2 of the Dungeon.
             The game lasted 00:09:24 (2471 turns).

sankara the Firebug (Draconian Fire Elementalist)   Turns: 2471, Time: 00:09:25

Health: 0/45       AC:  6    Str: 11    XL:     6   Next: 2%
Magic:  2/11       EV: 12    Int: 17    God:
Gold:   158        SH:  0    Dex: 11    Spells: 4/12 levels left

rFire    + . .     SeeInvis .   a - +0 short sword
rCold    x . .     Gourm    .   (no shield)
rNeg     . . .     Faith    .   (armour unavailable)
rPois    .         Spirit   .   (helmet restricted)
rElec    .         Reflect  .   (no cloak)
rCorr    .         Harm     .   (no gloves)
MR       .....                  (no boots)
Stlth    ++........             (no amulet)
HPRegen  0.15/turn              m - ring of fire {rF+, rC-}
MPRegen  0.12/turn              (no ring)

@: lethally poisoned (0 -> -9), flying
A: unfitting armour, cold-blooded, AC +6
a: no special abilities


You were on level 2 of the Dungeon.
You were very full.

You visited 1 branch of the dungeon, and saw 3 of its levels.

You collected 158 gold pieces.

Inventory:

Hand Weapons
 a - a +0 short sword (weapon)
   (You took it off a kobold on level 1 of the Dungeon)
Missiles
 c - 155 stones (quivered)
Jewellery
 m - a ring of fire (left hand) {rF+, rC-}
   (You found it on level 2 of the Dungeon)
Scrolls
 d - 3 scrolls of teleportation {unknown}
 e - 2 scrolls of immolation {unknown}
 g - 3 scrolls of identify {unknown}
 h - 2 scrolls of remove curse {unknown}
 i - 2 scrolls of enchant weapon {unknown}
 k - a scroll of blinking {unknown}
 l - a scroll of fog {unknown}
Comestibles
 j - 5 chunks of flesh {@w0}


   Skills:
 - Level 1.7 Dodging
 - Level 1.7 Stealth
 + Level 3.7 Spellcasting
 + Level 3.4 Conjurations
 + Level 4.5 Fire Magic


You had 4 spell levels left.
You knew the following spells:

 Your Spells              Type           Power        Failure   Level  Hunger
a - Flame Tongue          Conj/Fire      ####.        3%          1    None
b - Conjure Flame         Conj/Fire      ####....     10%         3    ###....
c - Sticky Flame          Conj/Fire      ####....     30%         4    ####...


Dungeon Overview and Level Annotations

Branches:
Dungeon (3/15)

Altars:
Dithmenos
Sif Muna
Wu Jian
Xom

Annotations:
D:2 1 exclusion
D:3 inmateoo's ghost, amateur HuEE


Innate Abilities, Weirdness & Mutations

Your plain brown scales are hard. (AC +6)
You cannot fit into any form of body armour.
You are cold-blooded and may be slowed by cold attacks.


Message History

Press: ? - help, Shift-Dir - straight line, f/p - inmateoo's ghost
Aim: inmateoo's ghost, wielding a weapon of venom (moderately damaged)
You feel a surge of power!
The flame tongue hits inmateoo's ghost.
Inmateoo's ghost is heavily damaged.
You feel sick. Inmateoo's ghost hits you.
You are more poisoned.
A quokka comes into view.
Casting: Flame Tongue (safe; 3% risk of failure)
Confirm with . or Enter, or press ? or * to list all spells.
Aiming: Flame Tongue (safe; 3% risk of failure)
Press: ? - help, Shift-Dir - straight line, f/p - inmateoo's ghost
Aim: inmateoo's ghost, wielding a weapon of venom (heavily damaged)
You feel a surge of power!
The flame tongue misses inmateoo's ghost.
You feel sick. Inmateoo's ghost barely misses you.
Casting: Flame Tongue (safe; 3% risk of failure)
Confirm with . or Enter, or press ? or * to list all spells.
Aiming: Flame Tongue (safe; 3% risk of failure)
Press: ? - help, Shift-Dir - straight line, f/p - inmateoo's ghost
Aim: inmateoo's ghost, wielding a weapon of venom (heavily damaged)
You feel a surge of power!
The flame tongue hits inmateoo's ghost.
Inmateoo's ghost is heavily damaged.
You feel sick. Inmateoo's ghost completely misses you.
Casting: Flame Tongue (safe; 3% risk of failure)
Confirm with . or Enter, or press ? or * to list all spells.
Aiming: Flame Tongue (safe; 3% risk of failure)
Press: ? - help, Shift-Dir - straight line, f/p - inmateoo's ghost
Aim: inmateoo's ghost, wielding a weapon of venom (heavily damaged)
You feel a surge of power!
The flame tongue hits inmateoo's ghost.
Inmateoo's ghost is severely damaged.
You feel sick. Inmateoo's ghost hits you.
You are lethally poisoned!
You feel sick. Inmateoo's ghost closely misses you. The orc misses you.
You climb upwards.
The ghost fades into the shadows.
Inmateoo's ghost disappears!
Level annotation: 1 exclusion You feel very sick.
There is a stone staircase leading down here.
Casting: Flame Tongue (safe; 3% risk of failure)
Confirm with . or Enter, or press ? or * to list all spells.
Aiming: Flame Tongue (safe; 3% risk of failure)
Press: ? - help, Shift-Dir - straight line, f - orc
Aim: an orc, wielding a whip and wearing a ring mail You feel a surge of power!
The flame tongue hits the orc.
The orc is moderately wounded.
You feel sick. The orc barely misses you.
Casting: Flame Tongue (safe; 3% risk of failure)
Confirm with . or Enter, or press ? or * to list all spells.
Aiming: Flame Tongue (safe; 3% risk of failure)
Press: ? - help, Shift-Dir - straight line, f/p - orc
Aim: an orc, wielding a whip and wearing a ring mail (moderately wounded)
You feel a surge of power!
The flame tongue hits the orc.
The orc appears unharmed.
The orc is moderately wounded.
* * * LOW HITPOINT WARNING * * *
You feel sick. The orc barely misses you.
Casting: Flame Tongue (safe; 3% risk of failure)
Confirm with . or Enter, or press ? or * to list all spells.
Aiming: Flame Tongue (safe; 3% risk of failure)
Press: ? - help, Shift-Dir - straight line, f/p - orc
Aim: an orc, wielding a whip and wearing a ring mail (moderately wounded)
You feel a surge of power!
The flame tongue misses the orc.
* * * LOW HITPOINT WARNING * * *
You feel sick. The orc hits you with a whip.
* * * LOW HITPOINT WARNING * * *
Casting: Flame Tongue (safe; 3% risk of failure)
Confirm with . or Enter, or press ? or * to list all spells.
Aiming: Flame Tongue (safe; 3% risk of failure)
Press: ? - help, Shift-Dir - straight line, f/p - orc
Aim: an orc, wielding a whip and wearing a ring mail (moderately wounded)
You feel a surge of power!
The flame tongue hits the orc.
The orc is almost dead.
* * * LOW HITPOINT WARNING * * *
You feel sick. The orc hits you with a whip.
* * * LOW HITPOINT WARNING * * *
Casting: Flame Tongue (safe; 3% risk of failure)
Confirm with . or Enter, or press ? or * to list all spells.
Aiming: Flame Tongue (safe; 3% risk of failure)
Press: ? - help, Shift-Dir - straight line, f/p - orc
Aim: an orc, wielding a whip and wearing a ring mail (almost dead)
You feel a surge of power!
The flame tongue hits the orc.
You kill the orc!
* * * LOW HITPOINT WARNING * * *
You feel sick.
It was a potion of flight.
You feel very buoyant.
You fly up into the air.
* * * LOW HITPOINT WARNING * * *
You feel sick.
You aren't carrying any potions.
Unknown command.
You eat one of the 2 rations.
That ration really hit the spot!
* * * LOW HITPOINT WARNING * * *
You feel sick.
You eat the ration.
That ration really hit the spot!
* * * LOW HITPOINT WARNING * * *
You feel sick.
You aren't quite hungry enough to eat that!
Unknown command.
You die...

........................#
#.#
....†)...#####...####...#
#.# .........# ##..#
#...# #.# .........# #..#
#...# #.# ########## #..#
#...######.## #######..#
#..........#. #....)..)#
#....#######. #.......>#
#....# #.). #.......@#
####.# #.#. #........#
#.# #)#. ########## #.#
#(#. #.# #.#. #H#####.#.
#.......#. #########. #.
#.


There were no monsters in sight!

Vanquished Creatures
  A hippogriff (D:2)
  3 adders (D:2)
  2 oozes (D:1)
  A worm (D:2)
  A dart slug (D:1)
  2 leopard geckos
  An orc (D:2)
  A giant cockroach (D:1)
  3 goblins
  11 hobgoblins
  2 quokkas
  8 bats
  6 frilled lizards
  6 kobolds
  4 rats
52 creatures vanquished.

Notes
Turn   | Place    | Note
-------+----------+-------------------------------------------
     0 | D:1      | sankara the Draconian Fire Elementalist began the quest for the Orb.
     0 | D:1      | Reached XP level 1. HP: 14/14 MP: 3/3
   389 | D:1      | Reached XP level 2. HP: 20/20 MP: 3/5
   859 | D:1      | Reached XP level 3. HP: 26/26 MP: 3/6
   864 | D:1      | Learned a level 3 spell: Conjure Flame
  1170 | D:2      | Reached skill level 2 in Conjurations
  1552 | D:2      | Noticed a hippogriff
  1660 | D:2      | Reached XP level 4. HP: 33/33 MP: 4/8
  1879 | D:2      | Reached skill level 3 in Spellcasting
  1891 | D:2      | Learned a level 4 spell: Sticky Flame
  2068 | D:2      | Killed a hippogriff
  2068 | D:2      | Reached skill level 3 in Conjurations
  2068 | D:2      | Reached skill level 4 in Fire Magic
  2068 | D:2      | Reached XP level 5. HP: 16/38 MP: 0/10
  2068 | D:2      | Reached XP level 6. HP: 19/45 MP: 0/11
  2379 | D:3      | Found an ornate altar of the Wu Jian Council.
  2381 | D:3      | Found a deep blue altar of Sif Muna.
  2383 | D:3      | Found a shadowy altar of Dithmenos.
  2391 | D:3      | Found a shimmering altar of Xom.
  2445 | D:3      | Noticed inmateoo's ghost (amateur HuEE)
  2465 | D:2      | HP: 10/45 [poisoned by inmateoo's ghost]
  2467 | D:2      | HP: 4/45 [poisoned by inmateoo's ghost]
  2470 | D:2      | HP: 1/45 [poisoned by inmateoo's ghost]
  2471 | D:2      | Succumbed to inmateoo's ghost's poison

Vault maps used:
D:1:      minmay_arrival_cross
D:3:      nicolae_tso_swordbearing_angel, nicolae_overflow_quartered_altars,
          uniq_jessica, uniq_grinder, uniq_robin, uniq_ijyb

Skill      XL: |  1  2  3  4 |
---------------+-------------+-----
Conjurations   | 2 3 |  3.4
Spellcasting   | 3 |  3.7
Fire Magic     | 4 |  4.5
Dodging        | |  1.7
Stealth        | |  1.7

Action                   |  1- 3 |  4- 6 || total
-------------------------+-------+-------++-------
Melee: Short sword       |     8 |     2 ||    10
Throw: Stone             |       |     1 ||     1
 Cast: Flame Tongue      |    68 |    35 ||   103
       Conjure Flame     |       |     1 ||     1
  Use: Potion            |       |     1 ||     1
 Stab: Sleeping          |       |     2 ||     2
  Eat: Chunk             |     3 |     3 ||     6
       Ration            |       |     2 ||     2
Armor: Skin              |    17 |     3 ||    20
Dodge: Dodged            |    24 |    14 ||    38

Table legend:
 A = Spawn XP
 B = Non-spawn XP
 C = Spawn XP percentage of total XP
 D = Spawn monster count
 E = Non-spawn monster count
 F = Spawn count percentage of total count
 G = Total turns spent on level
                    A         B        C        D         E        F      G
               +---------+---------+-------+---------+---------+-------+---------
         Total |       0 |     390 |   0.0 |       0 |      52 |   0.0 |  2471
               +---------+---------+-------+---------+---------+-------+---------
           D:1 |       0 |      49 |   0.0 |       0 |      23 |   0.0 |  1249
           D:2 |       0 |     335 |   0.0 |       0 |      25 |   0.0 |  1055
           D:3 |       0 |       6 |   0.0 |       0 |       4 |   0.0 |   167
               +---------+---------+-------+---------+---------+-------+---------

Vault maps used:
D:1:      minmay_arrival_cross
D:3:      nicolae_tso_swordbearing_angel, nicolae_overflow_quartered_altars,
          uniq_jessica, uniq_grinder, uniq_robin, uniq_ijyb

Table legend:
 A = Turns spent in this place as a percentage of turns spent in the entire game.
 B = Non-inter-level travel turns spent in this place as a percentage of non-inter-level travel turns spent in the entire game.
 C = Inter-level travel turns spent in this place as a percentage of turns spent in this place.
 D = Turns resting spent in this place as a percentage of non-inter-level travel turns spent in this place.
 E = Turns spent auto-exploring this place as a percentage of non-inter-level travel turns spent in this place.
 F = Non-inter-level travel turns spent in this place divided by the number of levels of this place that you've seen.
                   A       B       C       D       E      F
               +-------+-------+-------+-------+-------+----------------------
         Total | 100.0 | 100.0 |   3.0 |  37.6 |  39.5 | 798.7
       Dungeon | 100.0 | 100.0 |   3.0 |  37.6 |  39.5 | 798.7
               +-------+-------+-------+-------+-------+----------------------

Table legend:
 A = Kills in this place as a percentage of kills in entire the game.
 B = Kills by you in this place as a percentage of kills by you in the entire game.
 C = Kills by friends in this place as a percentage of kills by friends in the entire game.
 D = Other kills in this place as a percentage of other kills in the entire game.
 E = Experience gained in this place as a percentage of experience gained in the entire game.
 F = Experience gained in this place divided by the number of levels of this place that you have seen.
                   A       B       C       D       E      F
               +-------+-------+-------+-------+-------+----------------------
         Total | 100.0 | 100.0 |   N/A |   N/A | 100.0 | 130.0
       Dungeon | 100.0 | 100.0 |   N/A |   N/A | 100.0 | 130.0
               +-------+-------+-------+-------+-------+----------------------
